Map: Акрополь РВ

Players

Murena - Winner!

  • Race: Protoss Protoss
  • Spawn Location: 11:00

ИИ 1 (новичок)

  • Race: Protoss Protoss
  • Spawn Location: 5:00

VOD

Have the link to the VOD?

Description

Time

  • Played on: Aug. 16, 2019, 5:41 a.m.
  • Length: 5:18
Show
View Real Time Build Order
Export as new Build Order

Murena Protoss - Winner!

Build Orders:  

Get SALT Encoding   

  12  0:05  Probe  
  13  0:13  Probe  
  14  0:21  Probe  
  14  0:26  Pylon  
  15  0:44  Probe  
  15  0:45  Gateway  
  16  0:55  Gateway  
  16  0:57  Probe  
  17  1:07  Probe  
  17  1:11  Assimilator  
  18  1:15  Probe  
  18  1:16  Pylon  
  18  1:23  Probe  
  20  1:34  Cybernetics Core  
  20  1:39  Zealot  
  22  1:45  Probe  
  23  1:50  Zealot  
  25  2:00  Pylon  
  25  2:05  Probe  
  26  2:09  Zealot  
  26  2:11  Warp Gate  
  28  2:20  Stalker  
  28  2:22  Probe  
  30  2:26  Assimilator  
  31  2:34  Probe  
  32  2:46  Stalker  
  34  2:55  Stalker  
  36  3:07  Probe  
  37  3:14  Nexus  
  37  3:18  Sentry  
  39  3:28  Pylon  
  39  3:36  Twilight Council  
  39  3:46  Probe  
  40  3:55  Pylon  
  40  4:02  Stalker  
  42  4:05  Zealot  
  42  4:07  Probe  
  45  4:19  Probe  
  45  4:22  Forge  
  45  4:23  Probe  
  46  4:31  Probe  
  47  4:34  Assimilator  
  47  4:36  Assimilator  
  46  4:40  Probe  
  47  5:01  Stalker  
  47  5:02  Stalker  
  47  5:06  Probe x2  
Show
View Real Time Build Order
Export as new Build Order

ИИ 1 (новичок) Protoss 

Build Orders:  

Get SALT Encoding   

  12  0:00  Probe  
  13  0:13  Probe  
  14  0:20  Pylon  
  14  0:37  Assimilator  
  14  0:43  Gateway  
  14  0:47  Pylon  
  14  1:14  Assimilator  
  14  1:22  Probe  
  14  1:23  Zealot  
  14  1:30  Probe  
  17  1:34  Cybernetics Core  
  18  1:40  Probe  
  19  1:52  Probe  
  20  2:01  Probe  
  21  2:09  Probe  
  21  2:10  Warp Gate  
  22  2:41  Stalker  
  24  4:09  Probe  
  24  4:40  Stalker  
  24  4:42  Pylon  
  24  4:52  Probe  
  16  5:04  Probe  
  9  5:09  Zealot  
Tags
 
Add a new tag
Caveats
  • Supply blocks, unpowered buildings, or Contaminate may cause inaccurate times.
  • Supply counts are checked every 10 seconds.